 Dungeon Crawl Stone Soup version 0.27.1-1-g398f81649c (webtiles) character file.

Game seed: 14023442497235648433

209 H0rd4k the Magician (level 5, -4/31 HPs)
             Began as an Octopode Hedge Wizard on Sept 16, 2021.
             Slain by a hound (6 damage)
             ... in the Ecumenical Temple.
             The game lasted 00:06:50 (5230 turns).

H0rd4k the Magician (Octopode Hedge Wizard)         Turns: 5230, Time: 00:06:51

Health: -4/31      AC:  1    Str:  6 (9)  XL:     5   Next: 87%
Magic:  5/11       EV: 13    Int: 14 (17) God:
Gold:   114        SH:  0    Dex: 11 (12) Spells: 4/13 levels left

rFire    + . .     SeeInvis .   a - +0 dagger
rCold    x . .     Faith    .   (no shield)
rNeg     . . .     Spirit   .   b - +0 hat
rPois    .         Reflect  .   (no amulet)
rElec    .         Harm     .   e - +4 ring of slaying
rCorr    +         Rampage  .   g - ring of fire
Will     .....                  h - ring of resist corrosion
Stlth    +++.......             i - ring of flight
HPRegen  0.10/turn              (no ring)
MPRegen  0.12/turn              (no ring)
                                (no ring)
                                (no ring)

@: flying
A: almost no armour, amphibious, 8 rings, camouflage 1, gelatinous body 1,
(nimble swimmer 1), tentacles
a: no special abilities


You were in the Ecumenical Temple.
You visited 2 branches of the dungeon, and saw 6 of its levels.

You collected 114 gold pieces.

Inventory:

Hand Weapons
 a - a +0 dagger (weapon)
Armour
 b - a +0 hat (worn)
Jewellery
 e - a +4 ring of slaying (left tentacle)
 g - a ring of fire (right tentacle)
 h - a ring of resist corrosion (on tentacle)
 i - a ring of flight (on tentacle)
Scrolls
 f - 2 scrolls of teleportation {unknown}
 k - a scroll of enchant weapon {unknown}
 l - a scroll of identify {unknown}
 m - a scroll of holy word {unknown}
Potions
 c - a potion of heal wounds {unknown}
 j - a potion of degeneration


   Skills:
 + Level 0.3 Short Blades
 + Level 2.2 Dodging
 + Level 2.9 Stealth
 + Level 4.5 Spellcasting
 + Level 3.3 Conjurations
 + Level 1.0 Summonings
 + Level 1.0 Translocations
 * Level 0.7 Fire Magic
 * Level 1.2 Air Magic


You had 4 spell levels left.
You knew the following spells:

 Your Spells              Type           Power      Damage    Failure   Level
a - Magic Dart            Conj           48%        1d5       4%          1
b - Blink                 Tloc           N/A        N/A       19%         2
c - Conjure Flame         Conj/Fire      13%        6-21      24%         3
d - Mephitic Cloud        Conj/Pois/Air  7%         N/A       30%         3

Your spell library contained the following spells:

 Spells                   Type           Power      Damage    Failure   Level
 Animate Skeleton         Necr           6%         N/A       19%         1
 Pain                     Necr           12%        1d4       19%         1
 Call Imp                 Summ           5%         N/A       19%         2
 Slow                     Hex            3%         N/A       28%         2
 Sublimation of Blood     Necr           1%         N/A       28%         2
 Dazzling Flash           Conj/Hex       14%        N/A       28%         3
 Summon Guardian Golem    Hex/Summ       4%         N/A       41%         3
 Ignite Poison            Fire/Tmut/Pois 5%         N/A       45%         3
 Vampiric Draining        Necr           1%         2d6       50%         3
 Bolt of Magma            Conj/Fire/Erth 5%         4d5       96%         5
 Death Channel            Necr           1%         N/A       100%        6
 Simulacrum               Ice/Necr       1%         N/A       100%        6
 Orb of Destruction       Conj           6%         9d3       100%        7
 Spellforged Servitor     Conj/Summ      4%         N/A       100%        7
 Borgnjor's Revivificati  Necr           1%         N/A       100%        8
 Necromutation            Tmut/Necr      1%         N/A       100%        8
 Death's Door             Necr           1%         N/A       100%        9


Dungeon Overview and Level Annotations

Branches:
Dungeon (5/15)             Temple (1/1) D:5

Altars:
Cheibriados
Elyvilon
Kikubaaqudgha
Makhleb
Nemelex Xobeh
Xom

Annotations:
D:3 exclusion: downstairs
D:5 Blork the orc


Innate Abilities, Weirdness & Mutations

You cannot wear most types of armour.
You are amphibious.
You can wear up to eight rings at the same time.
Your skin changes colour to match your surroundings (Stealth+).
Your rubbery body absorbs attacks. (AC +1, EV +1)
((You are camouflaged near water. (Stealth+)))
You have tentacles for arms and can constrict up to eight enemies at once.


Message History

You don't have enough magic to cast this spell.
Unknown command.
You hit the gnoll but do no damage. You grab the gnoll. You squeeze the gnoll.
You kill the gnoll!
Your Air Magic skill increases to level 1!
Okay, then.
Things that are here:
a +0 whip; a gnoll corpse Blink to where?
Press: ? - help, Dir - move target
As you read the scroll of blinking, it crumbles to dust.
There is an open door here.
A gnoll comes into view. It is wielding a +0 flail.
The hound zombie closely misses you.
There is a stone staircase leading down here.
The hound zombie closely misses you.
You fly downwards.
There is a stone staircase leading up here.
Found 13 gold pieces.
Found a staircase to the Ecumenical Temple.
A hound comes into view.
The hound bites you.
* * * LOW HITPOINT WARNING * * *
Found a short sword.
The hound bites you.
* * * LOW HITPOINT WARNING * * *
The hound bites you.
* * * LOW HITPOINT WARNING * * *
There is a staircase to the Ecumenical Temple, spattered with blood here.
The hound bites you.
* * * LOW HITPOINT WARNING * * *
You fly downwards.
Welcome to the Ecumenical Temple!
Found five altars.
There is a staircase back to the Dungeon here.
You aren't carrying any items that you can evoke.
Okay, then.
It was a potion of degeneration.
There was something very wrong with that liquid.
You feel weakened.
You feel dopey.
You feel clumsy. The hound misses you. The hound bites you.
You die...

#############
##...........##
.......@h......
...............
._..........._.
...............
......._.......
...............
._..........._.
...............


You could see a hound.

Vanquished Creatures
  A centaur zombie (D:4)
  A hound skeleton (D:4)
  A mummy (D:3)
  4 gnolls (D:4)
  4 adders
  A worm (D:2)
  2 dart slugs
  2 orcs (D:4)
  4 ball pythons
  3 bats
  6 endoplasms
  2 giant cockroaches (D:1)
  7 goblins
  6 hobgoblins
  11 jackals
  2 quokkas (D:2)
  5 frilled lizards
  2 kobolds
  3 rats
67 creatures vanquished.

Vanquished Creatures (others)
  4 plants (D:4)
4 creatures vanquished.

Grand Total: 71 creatures vanquished

Notes
Turn   | Place    | Note
-------+----------+-------------------------------------------
     0 | D:1      | H0rd4k the Octopode Hedge Wizard began the quest for the
                  | Orb.
     0 | D:1      | Reached XP level 1. HP: 11/11 MP: 4/4
   281 | D:1      | Reached XP level 2. HP: 17/17 MP: 3/6
  1124 | D:1      | Reached XP level 3. HP: 21/21 MP: 1/8
  1127 | D:1      | Learned a level 2 spell: Blink
  1866 | D:2      | Reached skill level 4 in Spellcasting
  2065 | D:2      | Got Ezxaes's Collected Works on Destructive Dark Magic
  2220 | D:2      | Reached XP level 4. HP: 27/27 MP: 2/10
  2503 | D:2      | You fall into a shaft and drop 2 floors!
  3526 | D:3      | Found a snail-covered altar of Cheibriados.
  3879 | D:3      | Learned a level 3 spell: Conjure Flame
  3883 | D:3      | Learned a level 3 spell: Mephitic Cloud
  3942 | D:3      | Reached XP level 5. HP: 27/31 MP: 6/11
  5192 | D:4      | Reached skill level 1 in Air Magic
  5212 | D:5      | Entered Level 5 of the Dungeon
  5212 | D:5      | Noticed Blork the orc
  5215 | D:5      | Found a staircase to the Ecumenical Temple.
  5229 | Temple   | Entered the Ecumenical Temple
  5230 | Temple   | Slain by a hound

Illustrated notes

Levels and vault maps discovered:
D:1:      dpeg_arrival_rhombi, layout_basic, chequers_serial_rivers_room_b
D:2:      layout_loops_ring, dilly_ecumenical_altar_fadedgnrine
D:3:      layout_basic, slow_altar_1, serial_glass, glass_columns_a,
          glass_columns_b
D:4:      lemuel_castle_with_subvaults [lemuel_castle_interior_carwin_2],
          layout_basic, lemuel_mausoleum_altar_yredelemnul, serial_shops,
          kennysheep_mini_moat, minmay_tree_intersection
D:5:      layout_cave_pools, mainiacjoe_overflow_catwalk,
          minmay_temple_entry_arrows, uniq_blork_the_orc, uniq_eustachio
Temple:   cyrus_circular_temple

Skill      XL: |  1  2  3  4  5 |
---------------+----------------+-----
Spellcasting   | 4 |  4.5
Conjurations   | 2 3 |  3.3
Air Magic      | 1 |  1.2
Short Blades   | |  0.3
Dodging        | |  2.2
Stealth        | |  2.9
Summonings     | |  1.0
Translocations | |  1.0
Fire Magic     | |  0.7

Action                   |  1- 3 |  4- 6 || total
-------------------------+-------+-------++-------
Melee: Dagger            |     8 |    11 ||    19
       Tentacles         |     2 |     3 ||     5
       Constrict         |     2 |     4 ||     6
 Cast: Magic Dart        |   106 |   141 ||   247
       Conjure Flame     |       |     1 ||     1
       Mephitic Cloud    |       |     1 ||     1
  Use: Scroll            |       |     2 ||     2
       Potion            |       |     1 ||     1
Armor: Skin              |     2 |     6 ||     8
Dodge: Dodged            |     9 |    54 ||    63
